 Dungeon Sprint DCSS version 0.26-a0-966-gd078a86f14 (webtiles) character file.

Game seed: 1083881942530362405

21572 mhtbhm the Executioner (level 12, -23/165 HPs)
             Began as a Minotaur Fighter on Dec 3, 2020.
             Was the Champion of Okawaru.
             Annihilated by Aliceheo the pandemonium lord (28 damage)
             ... in the Dungeon (Sprint V: "Ziggurat Sprint").
             The game lasted 00:06:46 (1153 turns).

mhtbhm the Executioner (Minotaur Fighter)           Turns: 1153, Time: 00:06:47

Health: -23/165    AC: 45    Str: 33    XL:     12   Next: 55%
Magic:  4/13       EV: 18    Int:  5    God:    Okawaru [******]
Gold:   0          SH: 20    Dex: 13    Spells: 11/11 levels left

rFire    + . .     SeeInvis .   a - +8 mithril axe "Arga" {speed, MR+}
rCold    + + .     Faith    .   c - +2 kite shield {rC+ rF+}
rNeg     + . .     Spirit   .   b - +27 Lear's hauberk
rPois    +         Reflect  .   (helmet currently unavailable)
rElec    .         Harm     .   M - +1 cloak {Stlth+}
rCorr    .         Rampage  .   (gloves currently unavailable)
MR       +....     NoTele   +   (boots currently unavailable)
Stlth    ..........             H - amulet "Daiwoikk" {Acrobat Fragile Str+7 Dex+3 Stlth+}
HPRegen  0.37/turn              K - ring "Nedd" {*Drain rPois rC+ rN+ EV+4}
MPRegen  0.13/turn              v - +4 ring of slaying

@: mighty, berserking, lethally poisoned (-23 -> -39), heroism, cannot
translocate, studying 2 skills, very quick
A: retaliatory headbutt, horns 2, [frail 1]
a: Heroism, Finesse, Renounce Religion


You were in the Dungeon.
You worshipped Okawaru.
Okawaru was exalted by your worship.
You visited 1 branch

Inventory:

Hand Weapons
 a - the +8 mithril axe "Arga" (weapon) {speed, MR+}
   (You took it off a spriggan in the Dungeon)

   Attacks with this weapon are significantly faster.
   It affects your resistance to hostile enchantments.
 G - a +3 broad axe of flaming
Armour
 b - the +27 Lear's hauberk (worn)
   (You found it in the Dungeon)
 c - a +2 kite shield of resistance (worn)
 J - a +1 pair of gloves of strength
 M - a +1 cloak of stealth (worn)
 O - +5 gold dragon scales
Jewellery
 u - an uncursed amulet of reflection
 v - a +4 ring of slaying (right hand)
 z - a +6 ring of strength
 H - the amulet "Daiwoikk" (around neck) {Acrobat Fragile Str+7 Dex+3 Stlth+}
   (You found it in the Dungeon)

   [amulet of the acrobat]

   It helps you evade while moving and waiting.
   It affects your strength (+7).
   It affects your dexterity (+3).
   It will be destroyed if unequipped.
   It makes you more stealthy.
 I - an uncursed ring of see invisible
 K - the ring "Nedd" (left hand) {*Drain rPois rC+ rN+ EV+4}
   (You found it in the Dungeon)

   [ring of evasion]

   It affects your evasion (+4).
   It protects you from cold.
   It protects you from poison.
   It protects you from negative energy.
   It causes draining when unequipped.
Wands
 A - a wand of flame (23)
 B - a wand of disintegration (7)
 C - a wand of iceblast (7)
 D - a wand of acid (7)
Scrolls
 j - 4 scrolls of blinking
 k - 3 scrolls of brand weapon
 p - 6 scrolls of fog
 q - a scroll of holy word
 r - 3 scrolls of identify
 s - 4 scrolls of remove curse
 t - 2 scrolls of fear
 N - 4 scrolls of enchant weapon
Potions
 d - 5 potions of might
 e - 11 potions of curing
 f - 8 potions of heal wounds
 g - 10 potions of haste
 h - 7 potions of magic
 i - a potion of berserk rage
 l - 2 potions of invisibility
 m - 4 potions of resistance
 o - a potion of mutation
Books
 n - a manual of Staves
 w - a manual of Unarmed Combat
Miscellaneous
 x - a condenser vane
 y - a tin of tremorstones (2/2)


   Skills:
 + Level 16.3(21.3) Fighting
 + Level 21.7(26.9) Axes
 + Level 3.0(20.3) Maces & Flails
 + Level 2.7(20.2) Polearms
 + Level 3.6(9.6) Staves
 + Level 2.4(8.2) Slings
 + Level 2.4(7.4) Bows
 + Level 2.4(7.4) Crossbows
 + Level 2.7(8.1) Throwing
 + Level 14.7(19.7) Armour
 + Level 2.5(7.5) Dodging
 + Level 3.3(8.3) Stealth
 + Level 17.9(22.9) Shields
 + Level 2.4(7.4) Unarmed Combat
 + Level 3.1 Invocations
 + Level 4.0 Evocations


You had 11 spell levels left.
You didn't know any spells.
Your spell library contained the following spells:

 Spells                   Type           Power        Failure   Level
 Searing Ray              Conj           #.....       89%         2
 Iskenderun's Battlesphe  Conj           #.......     100%        5
 Eringya's Noxious Bog    Tmut/Pois      #.........   100%        6
 Orb of Destruction       Conj           #.........   100%        7


Dungeon Overview and Level Annotations

Branches:
Dungeon (1/1)

Altars:
Ashenzari
Cheibriados
Dithmenos
Elyvilon
Fedhas
Gozag
Hepliaklqana
Kikubaaqudgha
Makhleb
Nemelex Xobeh
Okawaru
Qazlal
Ru
Sif Muna
Trog
Uskayaw
Vehumet
Wu Jian
Xom
Yredelemnul
Zin
The Shining One
Beogh
Jiyva
Lugonu


Innate Abilities, Weirdness & Mutations

You reflexively headbutt those who attack you in melee.
You have a pair of horns on your head.
[You are frail. (-10% HP)]


Message History

You slash Aliceheo! Your headbutt misses Aliceheo.
Aliceheo is heavily wounded.
You slash the smoke demon! You barely miss Myoson.
You barely miss the red devil. You hit the infernal warmonger.
You slash the sun demon!
Unknown command.
You slice Aliceheo!! Your headbutt misses Aliceheo.
Aliceheo is severely wounded.
You slice the smoke demon like a ripe choko!!!
You kill the smoke demon!
Okawaru accepts your kill.
You slice the soul eater!! You barely miss Myoson.
You closely miss the red devil. You slice the infernal warmonger!!
You closely miss the sun demon.
* * * LOW HITPOINT WARNING * * *
You feel sick.
The hellwing swoops through the air toward you!
The hellwing hits you but does no damage. x2
Aliceheo hits you!!
You die...

▓....©....▓
▓..):==:[)..▓▓▓▓▓▓▓▓▓▓▓
▓.§○☼§§§§§..▓...8©8...▓
▓.☼§§°§§§§..▓..)[!.)..▓
▓....§§§....▓.....)...▓
▓....§......▓.........▓
▓..§..422...▓.........▓
▓...3364r...▓.........▓
▓..▓{&@&.▓..▓....))...▓
▓..§§4§3....▓.▓..)(.▓.▓
▓..§§1©§....▓....©....▓
▓▓▓▓▓▓▓▓▓▓▓▓▓▓▓▓▓▓▓▓▓▓▓
▓...8©8...▓...8©8...▓..
▓..[.)}==.▓...)[})..▓..
▓..:..}[..▓..::)):..▓..
▓.........▓..[......▓..
▓...†.....▓......)..▓..


You could see Aliceheo, Myoson, an Ice Fiend (summoned), an infernal warmonger,
a green death (summoned), a soul eater (summoned), a sun demon, a shadow demon,
a hellwing, a rust devil, a smoke demon, a red devil (summoned) and a rat
(summoned).

Vanquished Creatures
  A pandemonium lord (D)
  Gastronok (D)
  A ghoul (D)
  A corrupter (D)
  Erolcha (D)
  Erica (D)
  A two-headed ogre (D)
  3 soul eaters (D)
  2 flayed ghosts (D)
  A shining eye (D)
  3 ugly things (D)
  2 cyclopes (D)
  A guardian serpent (shapeshifter) (D)
  A rust devil (D)
  A cane toad (D)
  A smoke demon (D)
  A komodo dragon (D)
  2 red devils (D)
  A troll (D)
  A hornet (D)
  Grinder (D)
  A spriggan (shapeshifter) (D)
  3 spriggans (D)
  Sigmund (D)
  A yak (D)
  A hog (shapeshifter) (D)
  A basilisk (shapeshifter) (D)
  Eustachio (D)
  Grum (D)
  Edmund (D)
  A naga (D)
  A water moccasin (D)
  Duvessa (D)
  2 black bears (D)
  A black bear (shapeshifter) (D)
  A wolf (D)
  Blork the orc (D)
  A wight (D)
  An orc priest (D)
  Crazy Yiuf (D)
  2 iguanas (D)
  5 adders (D)
  3 river rats (D)
  An adder zombie (D)
  An adder skeleton (D)
  An orc (D)
  A spectral bat (D)
  2 bat skeletons (D)
  A bat zombie (D)
  3 jackals (D)
  A giant cockroach zombie (D)
  A jackal skeleton (D)
  A leopard gecko zombie (D)
  A quokka zombie (D)
  A spectral jackal (D)
75 creatures vanquished.

Vanquished Creatures (collateral kills)
  2 cyclopes (D)
  Dowan (D)
  Jessica (D)
4 creatures vanquished.

Grand Total: 79 creatures vanquished

Notes
Turn   | Place    | Note
-------+----------+-------------------------------------------
     0 | D        | mhtbhm the Minotaur Fighter began the quest for the Orb.
     0 | D        | Reached XP level 1. HP: 19/19 MP: 0/0
     0 | D        | Found a blossoming altar of Fedhas.
     1 | D        | Found the +6 Majin-Bo {vamp, MP+6 Int+6}
     1 | D        | Found the +9 heavy crossbow "Sniper" {vorpal, Acc+∞ SInv}
     1 | D        | Found the +10 dark maul {vorpal}
     1 | D        | Found the +15 Maxwell's patent armour {-Cast -Tele rElec
                  | MR+ rCorr}
     1 | D        | Found the +18 shield of the Gong {rElec rN+ MR+ EV-5}
     1 | D        | Found the cursed +14 obsidian axe {vorpal, +Fly SInv
                  | *Curse}
     1 | D        | Found the +7 great mace "Firestarter" {inner flame, rF++}
     1 | D        | Found the +6 shillelagh "Devastator" {shatter}
     1 | D        | Found the +11 plutonium sword {*Contam Stlth-}
     1 | D        | Found the +8 lance "Wyrmbane" {slay drac, rPois rF+ rC+
                  | AC+3}
     1 | D        | Found the +9 sword of Zonguldrok {reap}
     1 | D        | Found the cursed +13 scythe of Curses {drain, *Curse}
     1 | D        | Found the +0 sword of Power
     1 | D        | Found the +7 mace of Variability {chain chaos}
     1 | D        | Found the +7 Singing Sword {vorpal, sonic wave}
     1 | D        | Found the +8 storm bow {elec, penet}
    17 | D        | Found a shimmering blue altar of Sif Muna.
    17 | D        | Found a sacrificial altar of Ru.
    17 | D        | Found a bloodstained altar of Trog.
    17 | D        | Found a stormy altar of Qazlal.
    17 | D        | Found an iron altar of Okawaru.
    17 | D        | Found a sparkling altar of Nemelex Xobeh.
    19 | D        | Found a transporter.
    19 | D        | Found an ancient bone altar of Kikubaaqudgha.
    19 | D        | Found a viscous altar of Jiyva.
    19 | D        | Found a corrupted altar of Lugonu.
    19 | D        | Found a hazy altar of Hepliaklqana.
    19 | D        | Found a burning altar of Makhleb.
    19 | D        | Found an opulent altar of Gozag.
   103 | D        | Became a worshipper of Warmaster Okawaru
   118 | D        | Entered arena 2.
   118 | D        | Noticed an orc priest
   118 | D        | Found a transporter.
   120 | D        | Killed an orc priest
   121 | D        | Reached skill level 5 in Fighting
   121 | D        | Reached skill level 3 in Axes
   121 | D        | Reached skill level 5 in Armour
   121 | D        | Reached skill level 5 in Shields
   121 | D        | Reached XP level 2. HP: 29/29 MP: 1/1
   121 | D        | Reached XP level 3. HP: 36/36 MP: 2/2
   222 | D        | Reached skill level 4 in Axes
   222 | D        | Reached XP level 4. HP: 44/44 MP: 3/3
   226 | D        | Entered arena 3.
   226 | D        | Noticed a water moccasin
   226 | D        | Found a transporter.
   229 | D        | Killed a water moccasin
   229 | D        | Reached * piety under Okawaru
   230 | D        | Reached XP level 5. HP: 51/52 MP: 4/4
   238 | D        | Entered arena 4.
   238 | D        | Found a transporter.
   241 | D        | Reached skill level 5 in Axes
   256 | D        | Entered arena 5.
   256 | D        | Noticed a naga
   256 | D        | Found a transporter.
   266 | D        | Killed a naga
   267 | D        | Reached XP level 6. HP: 57/62 MP: 5/5
   278 | D        | Entered arena 6.
   278 | D        | Noticed Sigmund
   278 | D        | Noticed Jessica
   278 | D        | Noticed Blork the orc
   278 | D        | Noticed Crazy Yiuf
   278 | D        | Noticed Dowan
   278 | D        | Found a transporter.
   279 | D        | Found the +5 robe of Misfortune {*Contam Harm *Corrode
                  | *Drain *Slow EV+5}
   281 | D        | Killed Crazy Yiuf
   281 | D        | Killed Dowan
   282 | D        | Reached skill level 6 in Axes
   282 | D        | Killed Blork the orc
   283 | D        | Killed Jessica
   283 | D        | Reached ** piety under Okawaru
   286 | D        | Killed Sigmund
   287 | D        | Reached skill level 10 in Fighting
   287 | D        | Reached skill level 7 in Axes
   287 | D        | Reached skill level 10 in Shields
   287 | D        | Reached XP level 7. HP: 71/72 MP: 6/6
   307 | D        | Entered arena 7.
   307 | D        | Noticed a troll
   307 | D        | Noticed a cyclops
   307 | D        | Noticed a cyclops
   307 | D        | Noticed a two-headed ogre
   307 | D        | Noticed a cyclops
   307 | D        | Noticed a cyclops
   308 | D        | Found a transporter.
   313 | D        | Killed a cyclops
   313 | D        | Reached *** piety under Okawaru
   314 | D        | Reached skill level 10 in Armour
   316 | D        | Killed a two-headed ogre
   316 | D        | Reached **** piety under Okawaru
   316 | D        | Received a gift from Okawaru
   317 | D        | Reached skill level 9 in Axes
   317 | D        | Reached XP level 8. HP: 82/82 MP: 7/7
   318 | D        | Killed a cyclops
   318 | D        | Killed a troll
   318 | D        | Killed a cyclops
   318 | D        | Reached ***** piety under Okawaru
   319 | D        | Reached skill level 10 in Axes
   319 | D        | Reached XP level 9. HP: 83/90 MP: 8/8
   319 | D        | Killed a cyclops
   320 | D        | Reached skill level 11 in Axes
   328 | D        | Got the amulet of Uthrac {Inacc rC++}
   471 | D        | Entered arena 8.
   471 | D        | Noticed a spriggan rider
   472 | D        | Found a transporter.
   478 | D        | Reached skill level 12 in Axes
   625 | D        | Entered arena 9.
   625 | D        | Noticed a cane toad
   625 | D        | Noticed a komodo dragon
   626 | D        | Found the +4 dagger "Morg" {pain, MR+ Int+5}
   626 | D        | Found a transporter.
   632 | D        | Killed a komodo dragon
   632 | D        | Received a gift from Okawaru
   633 | D        | Killed a cane toad
   633 | D        | Reached ****** piety under Okawaru
   634 | D        | Reached skill level 13 in Axes
   634 | D        | Reached XP level 10. HP: 100/100 MP: 9/9
   655 | D        | Entered arena 10.
   655 | D        | Noticed Duvessa
   655 | D        | Noticed Edmund
   655 | D        | Noticed Erica
   655 | D        | Noticed Erolcha
   655 | D        | Noticed Eustachio
   655 | D        | Noticed Gastronok
   655 | D        | Noticed Grum
   655 | D        | Noticed Grinder
   659 | D        | Killed Duvessa
   661 | D        | Killed Grum
   662 | D        | Found a transporter.
   663 | D        | Killed Eustachio
   664 | D        | Killed Erica
   665 | D        | Reached skill level 14 in Axes
   665 | D        | Reached skill level 15 in Shields
   665 | D        | Killed Edmund
   666 | D        | Killed Grinder
   666 | D        | Received a gift from Okawaru
   666 | D        | Killed Erolcha
   666 | D        | Received a gift from Okawaru
   666 | D        | Killed Gastronok
   667 | D        | Reached skill level 16 in Axes
   667 | D        | Reached skill level 1 in Evocations
   667 | D        | Reached XP level 11. HP: 88/108 MP: 10/10
   695 | D        | Got the amulet "Daiwoikk" {Acrobat Fragile Str+7 Dex+3
                  | Stlth+}
   718 | D        | Got Ewett's Grimoire of Attacks and Toxins
   721 | D        | Entered arena 11.
   721 | D        | Noticed a shining eye
   721 | D        | Noticed a green ugly thing
   721 | D        | Noticed a green ugly thing
   721 | D        | Noticed a green ugly thing
   726 | D        | Killed a green ugly thing
   730 | D        | Killed a green ugly thing
   730 | D        | Received a gift from Okawaru
   731 | D        | Reached skill level 17 in Axes
   731 | D        | Found a transporter.
   734 | D        | Killed a shining eye
   735 | D        | Killed a brown ugly thing
   745 | D        | Got the ring "Nedd" {*Drain rPois rC+ rN+ EV+4}
   858 | D        | Entered arena 12.
   858 | D        | Noticed a flayed ghost
   859 | D        | Noticed a flayed ghost
   860 | D        | Found a transporter.
   862 | D        | Killed a flayed ghost
   863 | D        | Reached skill level 18 in Axes
   863 | D        | Reached skill level 1 in Stealth
   871 | D        | Killed a flayed ghost
   923 | D        | Entered arena 13.
   923 | D        | Noticed a ghoul
   923 | D        | Noticed a soul eater
   923 | D        | Noticed a soul eater
   924 | D        | Noticed a soul eater
   925 | D        | Found the +27 Lear's hauberk
   926 | D        | Found a transporter.
   935 | D        | Killed a soul eater
   935 | D        | Received a gift from Okawaru
   940 | D        | Killed a soul eater
   941 | D        | Reached skill level 19 in Axes
   941 | D        | Killed a ghoul
   942 | D        | Reached skill level 15 in Fighting
   943 | D        | Killed a soul eater
  1132 | D        | Entered arena 14.
  1133 | D        | Noticed a sun demon
  1133 | D        | Noticed an infernal warmonger
  1133 | D        | Noticed a shadow demon
  1133 | D        | Noticed Myoson the pandemonium lord
  1133 | D        | Noticed Aliceheo the pandemonium lord
  1134 | D        | Noticed Vacaso the pandemonium lord
  1134 | D        | Noticed an infernal corrupter
  1138 | D        | Noticed a soul eater
  1139 | D        | Noticed a green death
  1146 | D        | Killed an infernal corrupter
  1146 | D        | Received a gift from Okawaru
  1147 | D        | Reached skill level 20 in Axes
  1147 | D        | Reached skill level 1 in Invocations
  1147 | D        | Reached XP level 12. HP: 69/96 MP: 3/11
  1147 | D        | Noticed Xeepruo the pandemonium lord
  1148 | D        | Noticed a tentacled monstrosity
  1148 | D        | Noticed a tentacled monstrosity
  1148 | D        | Killed Vacaso the pandemonium lord
  1149 | D        | Reached skill level 21 in Axes
  1151 | D        | HP: 6/165 [Aliceheo the pandemonium lord (34)]
  1152 | D        | Noticed an Ice Fiend
  1153 | D        | Annihilated by Aliceheo the pandemonium lord

Illustrated notes

Levels and vault maps discovered:
D:        sprint_v [room_start, room_1, room_2, room_3, room_4, room_5, room_6,
          room_7, room_8, room_9, room_10, room_11, room_12, room_13, room_14,
          room_15, room_16, room_17, room_18, room_19, room_20, room_21,
          room_22, room_23, room_24, room_25, room_26, room_27]

Skill      XL: |  1  2  3  4  5  6  7  8  9 10 11 12 |
---------------+-------------------------------------+-----
Fighting       | 5 6 7 8 10 11 12 13 15 16 | 16.3
Axes           | 3 4 5 7 9 10 13 16 20 21 | 21.7
Armour         | 5 6 7 8 9 10 11 13 14 | 14.7
Shields        | 5 6 7 8 10 11 13 14 15 17 | 17.9
Maces & Flails | 3 |  3.0
Polearms       | 2 |  2.7
Staves         | 3 |  3.6
Slings         | 2 |  2.4
Bows           | 2 |  2.4
Crossbows      | 2 |  2.4
Throwing       | 2 |  2.7
Dodging        | 2 |  2.5
Unarmed Combat | 2 |  2.4
Evocations     | 1 3 4 |  4.0
Stealth        | 2 3 |  3.3
Invocations    | 1 3 |  3.1

Action                   |  1- 3 |  4- 6 |  7- 9 | 10-12 || total
-------------------------+-------+-------+-------+-------++-------
Melee: Broad axe         |     1 |    16 |    17 |    55 ||    89
       Headbutt          |       |       |     7 |    21 ||    28
Invok: Heroism           |       |       |       |     2 ||     2
       Finesse           |       |       |       |     1 ||     1
Evoke: Tin of tremorston |       |       |       |     5 ||     5
       Condenser vane    |       |       |       |     3 ||     3
  Use: Potion            |     1 |       |     2 |     3 ||     6
       Scroll            |       |       |     3 |     1 ||     4
 Stab: Confused          |       |       |       |     2 ||     2
Armor: Gold dragon scale |       |     8 |    19 |    15 ||    42
       Chain mail        |       |       |       |     5 ||     5
Dodge: Dodged            |       |     1 |     4 |    19 ||    24
Block: Tower shield      |     1 |    21 |    35 |    28 ||    85
       Kite shield       |       |       |       |    28 ||    28

Table legend: (Time is in decaauts)
 A = Elapsed time spent in this place.
 B = Non-inter-level travel time spent in this place.
 C = Inter-level travel time spent in this place.
 D = Time resting spent in this place.
 E = Time spent auto-exploring this place.
 F = Levels seen in this place.
 G = Mean time per level.
                   A        B        C        D        E       F      G
               +--------+--------+--------+--------+--------+-----+--------+
         Total |   1140 |   1140 |      0 |    569 |      0 |   1 | 1140.0 |
       Dungeon |   1140 |   1140 |      0 |    569 |      0 |   1 | 1140.0 |
               +--------+--------+--------+--------+--------+-----+--------+

Top non-repeatable levels by time:
       D: 1140 daAuts
